woodfighter, chaotic female human Barbarian ------ ------ |....---....| |.`.`.|.`...| ---.....`.|^| |...--`.|^| |---|(`.|^| --..%|q`.|^| |....@`..|^| |.``.|...|^-- |.%`------..| |..>|<^^^^..| ------------- woodfighter the Bandit Experience level: 7 Strength: 18 Dexterity: 17 Constitution: 19 Intelligence: 8 Wisdom: 8 Charisma: 6 Health: 0(81) Energy: 22(22) Def: 3 Gold: 1032 Moves: 3309 Dungeon seed: 11ucG_HYP1CE2wZR Game ID: woodfighter_1568399230 Your Inventory: Coins $ - 1032 gold pieces Weapons a - a +0 battle-axe (weapon in hands) b - a blessed +0 short sword (alternate weapon; not wielded) Armor e - an uncursed +0 ring mail (being worn) q - an uncursed +0 cloak of displacement Y - a cursed +0 mummy wrapping Comestibles c - 5 uncursed food rations C - an uncursed egg Scrolls k - a blessed scroll of identify p - an uncursed scroll of scare monster s - an uncursed scroll of create monster t - an uncursed scroll of teleportation u - an uncursed scroll of enchant weapon y - an uncursed scroll of gold detection Potions g - an uncursed potion of booze h - an uncursed potion of polymorph l - 3 uncursed potions of water o - a cursed potion of full healing r - 2 cursed potions of fruit juice x - a blessed potion of extra healing z - a blessed potion of booze A - 3 uncursed potions of hallucination B - an uncursed potion of object detection Wands j - a wand of secret door detection (0:12) v - a wand of enlightenment (0:13) Gems n - an uncursed worthless piece of black glass N - an uncursed worthless piece of green glass Spells and supernatural/magical abilities: Name Level Category Fail Memory W - pray for help -- divine ? -- Your skills at the end: Miscellaneous Skills bare handed combat [Basic] Weapon Skills axe [Skilled] short sword [Basic] Spellcasting Skills Final Attributes: You were piously aligned. You were poison resistant. You were fast. You are dead. You faced a greater challenge. Vanquished creatures: a freezing sphere a leather golem a giant beetle 4 wolves a leprechaun an ice vortex an orc mummy a gold golem a piranha a water nymph a dust vortex 3 apes a human zombie a baby crocodile a wood nymph 8 giant ants 2 puppies a floating eye a kitten a quasit a kobold lord a rothe 3 jitterbugs a giant bat 3 dwarf zombies 4 coyotes 2 hobbits 2 large kobolds 4 geckos 2 hobgoblins 3 giant rats 4 cave spiders a brown mold a yellow mold 2 garter snakes 3 manes 5 jackals a fox a kobold 5 newts 4 sewer rats 6 grid bugs a lichen 93 creatures vanquished. Voluntary challenges: You did not adorn yourself with jewelry or accessories. You did not cause conflict. You were not invisible. You did not have reflection. You were not displaced. You were an atheist. You used a wielded weapon 137 times, starting on turn 2. You did not apply a unicorn horn. You did not use plumbed fixtures. You did not drink any magical draughts. You were illiterate. You never genocided any monsters. You never polymorphed an object. You never changed form. You used no wishes. You never split a pudding. You never wrote Elbereth's name. You violated your moral code, losing 2 points of alignment, starting on turn 2761. Dungeon overview: The Dungeons of Doom: levels 1 to 9 Level 1 a fountain a long staircase Level 2 stairs to The Gnomish Mines Level 3 (vault) a general store, some fountains Level 4 (water) some fountains, a sink Level 5 Level 6 ( ) a fountain Level 7 many fountains Level 8 stairs to Sokoban Level 9 some fountains The Gnomish Mines: Level 3 stairs to The Dungeons of Doom Sokoban: Level 7 <- You were here a magic chest stairs to The Dungeons of Doom History has recorded: On T:1 you entered the Dungeons of Doom to retrieve the Amulet of Yendor! On T:61 you reached level 2 of The Dungeons of Doom. On T:523 you advanced to experience level 2. On T:574 you reached level 3 of The Dungeons of Doom. On T:687 you reached level 1 of The Gnomish Mines. On T:891 you reached level 4 of The Dungeons of Doom. On T:892 you advanced to experience level 3. On T:1175 you advanced to experience level 4. On T:1355 you reached level 5 of The Dungeons of Doom. On T:1812 you advanced to experience level 5. On T:2087 you reached level 6 of The Dungeons of Doom. On T:2365 you reached level 7 of The Dungeons of Doom. On T:2413 you advanced to experience level 6. On T:2536 you reached level 9 of The Dungeons of Doom. On T:3061 you advanced to experience level 7. On T:3075 you reached level 8 of The Dungeons of Doom. On T:3296 you reached level 4 of Sokoban. Score breakdown: Gold: 1032 ( 103 points) Experience: 7 levels ( 600 points) Exploration: 9 levels ( 240 points) Discoveries: 21 items ( 1050 points) Variety of kills: 43 monsters ( 2000 points) Major goal: (nothing yet) ( 0 points) Survival: died (score multiplied by 6) Total score: 23958 Latest messages: You destroy the dwarf zombie! You hear a slurping sound. The orc mummy scratches you! You swing your battle-axe in a wide arc. You smite the orc mummy! The orc mummy scratches you! You swing your battle-axe in a wide arc. You destroy the orc mummy! $ - 21 gold pieces. There are a few more objects here. You hear a slurping sound. Y - a mummy wrapping. With great effort you move the boulder. You hear a monster behind the boulder. Perhaps that's why you cannot move it. You hear a monster behind the boulder. Perhaps that's why you cannot move it. With great effort you move the boulder. You swing your battle-axe in a wide arc. You smite the freezing sphere! You hear a slurping sound. The freezing sphere explodes! You duck some of the blast. The leocrotta claws you! The leocrotta bites! You die... Final status: Goodbye woodfighter the Barbarian, killed by a leocrotta... You died in Sokoban on dungeon level 7 with 23958 points, and 1032 pieces of gold, after 3309 moves. You were level 7 with a maximum of 81 hit points when you died.